 Dungeon Crawl Stone Soup version 0.28-a0-1545-g945cd3f27e (webtiles) character file.

Game seed: 15588371895646994418

45 BritishOli the Chopper (level 3, 28/28 HPs)
             Began as a Demonspawn Gladiator on Jan 18, 2022.
             Got out of the dungeon alive.
             The game lasted 00:01:14 (1658 turns).

BritishOli the Chopper (Demonspawn Gladiator)       Turns: 1658, Time: 00:01:14

Health: 28/28      AC:  7    Str: 16    XL:     3   Next: 42%
Magic:  3/3        EV: 10    Int:  9    God:
Gold:   32         SH:  0    Dex: 14    Spells: 2/2 levels left

rFire   . . .      SeeInvis .   a - +0 war axe
rCold   . . .      Faith    .   (no shield)
rNeg    . . .      Spirit   .   e - +0 scale mail
rPois   .          Reflect  .   c - +0 helmet
rElec   .          Harm     .   (no cloak)
rCorr   .          Rampage  .   (no gloves)
Will    .....                   (no boots)
Stlth   ..........              (no amulet)
HPRegen 0.09/turn               (no ring)
MPRegen 0.08/turn               (no ring)

@: no status effects
A: powered by pain 1
a: no special abilities


You escaped.
You visited 1 branch of the dungeon, and saw 2 of its levels.

You collected 32 gold pieces.

Inventory:

Hand Weapons
 a - a +0 war axe (weapon)
Missiles
 d - 3 throwing nets (quivered)
Armour
 b - a +0 leather armour
 c - a +0 helmet (worn)
 e - a +0 scale mail (worn)
Scrolls
 f - a scroll of teleportation {unknown}
 g - 2 scrolls of noise {unknown}
 h - a scroll of immolation {unknown}
 i - a scroll of fog {unknown}
 j - 2 scrolls of identify {unknown}
 m - a scroll of vulnerability {unknown}
Potions
 k - 2 potions of curing {unknown}
 l - 2 potions of invisibility {unknown}


   Skills:
 + Level 2.4 Fighting
 + Level 3.0(3.1) Axes
 + Level 0.9(2.1) Polearms
 - Level 1.9 Throwing
 + Level 1.0 Armour
 + Level 3.0 Dodging


You had 2 spell levels left.
You didn't know any spells.
Your spell library was empty.

Dungeon Overview and Level Annotations

Branches:
Dungeon (2/15)

Altars:


Innate Abilities, Weirdness & Mutations

You sometimes gain a little power by taking damage.


Message History

The quokka is lightly wounded.
The quokka barely misses you. The quokka bites you.
A quokka is nearby!
A quokka is nearby!
You hit the quokka.
You kill the quokka!
Your Armour skill increases to level 1!
No target in view!
No target in view!
Found a stone staircase leading up.
l - 2 orange potions (gained 1)
A kobold comes into view. It is wielding a +0 club.
A kobold is nearby!
A kobold is nearby!
Unknown command.
You slash the kobold!
You kill the kobold!
Unknown command.
Unknown command.
No target in view!
Unknown command.
No target in view!
Unknown command.
(D) Dungeon
Where to? (Enter - D:2, ? - help)
There is a stone staircase leading up here.
You climb upwards.
There is a stone staircase leading down here.
No target in view!
There is an open door here.
There is an open door here.
You see here a +0 club.
You see here a +0 club.
There is an open door here.
There is a staircase leading out of the dungeon here.
You open the door.
There is an open door here.
There is a staircase leading out of the dungeon here.
Are you sure you want to leave the Dungeon?
This will make you lose the game!
You have escaped!

#.##### #.# #..# #....
#.########.#######.##########....
#............................†...
#.#######........................
#.# #........................ ..#
#..........#............. ..#
##.#####'###...........## ..# #.#
#...##...........# ..# #.#
#.@.##...........## ..########.#
#...##............. .........#.#
##'###...........## .#######.#.#
#.###...........# .##....#.#.#
#...............# .##.##.#.#.#
######.##..#....# ..)....#.#.#
#.##..#....#
.##.#..#.#.##########.#...#....#
.##.#..#.#.##.........#.#.#....##


There were no monsters in sight!

Vanquished Creatures
  A dart slug (D:2)
  5 endoplasms
  2 giant cockroaches (D:1)
  3 goblins (D:1)
  2 hobgoblins (D:1)
  4 jackals (D:1)
  A quokka (D:2)
  5 ball pythons
  4 bats
  3 frilled lizards
  7 kobolds
  3 rats (D:1)
40 creatures vanquished.

Vanquished Creatures (others)
  4 demonic plants (D:1)
  6 fungi (D:1)
  3 plants (D:1)
  A withered plant (D:1)
14 creatures vanquished.

Grand Total: 54 creatures vanquished

Notes
Turn   | Place    | Note
-------+----------+-------------------------------------------
     0 | D:1      | BritishOli the Demonspawn Gladiator began the quest for the
                  | Orb.
     0 | D:1      | Reached XP level 1. HP: 16/16 MP: 1/1
   397 | D:1      | Gained mutation: You sometimes gain a little power by
                  | taking damage. [demonic ancestry]
   397 | D:1      | Reached XP level 2. HP: 22/22 MP: 2/2
   756 | D:1      | Found a faded altar of an unknown god.
   766 | D:1      | Reached XP level 3. HP: 28/28 MP: 3/3
  1441 | D:2      | Reached skill level 1 in Armour
  1658 | D:$      | Got out of the dungeon alive.

Illustrated notes

Levels and vault maps discovered:
D:1:      dpeg_arrival_tiny_e, layout_basic, shapermc_ecumenical_altar_gd,
          minmay_pentomino_p2
D:2:      layout_basic, basic_altar, grunt_decor_junction

Skill      XL: |  1  2  3 |
---------------+----------+-----
Axes           | 3 |  3.0
Dodging        | 3 |  3.0
Armour         | 1 |  1.0
Fighting       | |  2.4
Polearms       | |  0.9
Throwing       | |  1.9

Action                   || total
-------------------------++-------
Melee: War axe           ||    84
Armor: Leather armour    ||     5
       Scale mail        ||    31
Dodge: Dodged            ||    58

Table legend: (Time is in decaauts)
 A = Elapsed time spent in this place.
 B = Non-inter-level travel time spent in this place.
 C = Inter-level travel time spent in this place.
 D = Time resting spent in this place.
 E = Time spent auto-exploring this place.
 F = Levels seen in this place.
 G = Mean time per level.
                   A        B        C        D        E       F      G
               +--------+--------+--------+--------+--------+-----+--------+
         Total |   1687 |   1481 |    206 |    152 |   1084 |   2 |  843.5 |
       Dungeon |   1687 |   1481 |    206 |    152 |   1084 |   2 |  843.5 |
               +--------+--------+--------+--------+--------+-----+--------+

Top non-repeatable levels by time:
     D:1: 1347 daAuts
     D:2: 340 daAuts
